 Dungeon Crawl Stone Soup version 0.20.1-1-g8b1a95d (webtiles) character file.

49 Reeggar the Slasher (level 3, 0/28 HPs)
             Began as a Demonspawn Gladiator on Sept 19, 2017.
             Slain by Sigmund
             ... wielding a +0 scythe
              (8 damage)
             ... on level 2 of the Dungeon.
             The game lasted 00:06:41 (1114 turns).

Reeggar the Slasher (Demonspawn Gladiator)          Turns: 1114, Time: 00:06:41

Health: 0/28       AC:  6    Str: 15    XL:     3   Next: 51%
Magic:  3/3        EV: 12    Int:  9    God:
Gold:   108        SH:  0    Dex: 14    Spells: 2/2 levels left

rFire    + . .     SeeInvis .   a - +0 long sword
rCold    . . .     Gourm    .   (no shield)
rNeg     . . .     Faith    .   o - +0 ring mail
rPois    .         Spirit   .   k - +0 helmet
rElec    .         Reflect  .   (no cloak)
rCorr    .         Harm     .   (no gloves)
MR       .....                  (no boots)
Stlth    +.........             (no amulet)
Regen    0.1/turn               (no ring)
MPRegen  0.1/turn               (no ring)

@: no status effects
A: fire resistance 1, powered by death 1
a: no special abilities


You were on level 2 of the Dungeon.
You were hungry.

You visited 1 branch of the dungeon, and saw 2 of its levels.

You collected 108 gold pieces.

Inventory:

Hand Weapons
 a - a +0 long sword (weapon)
 e - a +0 short sword
Missiles
 d - 3 throwing nets (quivered)
Armour
 k - a +0 helmet (worn)
 o - a +0 ring mail (worn)
Jewellery
 c - a cursed ring of wizardry {unknown}
Scrolls
 b - a scroll of identify {unknown}
 j - a scroll of blinking {unknown}
 m - a scroll of remove curse {unknown}
 p - a scroll of immolation {unknown}
Potions
 l - a potion of flight {unknown}
Comestibles
 f - a bread ration
 g - a chunk of flesh
 i - 3 royal jellies
 n - 2 fruits


   Skills:
 + Level 2.3 Fighting
 + Level 3.4 Long Blades
 + Level 2.1 Throwing
 + Level 0.3 Armour
 + Level 3.0 Dodging


You had 2 spell levels left.
You didn't know any spells.

Dungeon Overview and Level Annotations

Branches:
Dungeon (2/15)

Altars:
Uskayaw

Annotations:
D:2 Sigmund


Innate Abilities, Weirdness & Mutations

Your flesh is heat resistant. (rF+)
You regenerate a little health from kills.


Message History

Something completely misses you. The rat misses you.
You see here 6 gold pieces.
You hit the rat but do no damage. Something hits you but does no damage.
The rat barely misses you.
You closely miss the rat. The rat bites you but does no damage.
Something hits you!
* * * LOW HITPOINT WARNING * * *
You bump into the rock wall.
The rat bites you but does no damage. Something hits you but does no damage.
You feel better. The rat misses you.
You hit the rat.
You kill the rat!
Something hits you but does no damage. Something hits you.
You see here 6 gold pieces.
Something hits you.
* * * LOW HITPOINT WARNING * * *
Something hits you!
You die...

#...# #...# #...###
#.)...# #####...#.##
##.......#..#
#..###...##.## #
##.########.####...##..#
#
#?......$.@......#####.#
## ...###..†...####.#
#.# #. #...{.##.....#
#.###. .........# ......
#..##.
#..##.............#
##.##. #..
#.............####.(..
#.
...............##...(..
#
.#.......(.....#....(..
.$.................).(..


There were no monsters in sight!

Vanquished Creatures
  An adder (D:2)
  A dart slug (D:1)
  4 bats
  2 giant cockroaches
  6 goblins
  4 hobgoblins
  4 jackals (D:1)
  A ball python (D:1)
  4 frilled lizards
  5 kobolds
  3 rats
35 creatures vanquished.

Notes
Turn   | Place    | Note
-------+----------+-------------------------------------------
     0 | D:1      | Reeggar the Demonspawn Gladiator began the quest for the Orb.
     0 | D:1      | Reached XP level 1. HP: 16/16 MP: 1/1
   133 | D:1      | Gained mutation: You regenerate a little health from kills. [demonic ancestry]
   133 | D:1      | Reached XP level 2. HP: 22/22 MP: 2/2
   915 | D:2      | Found a hide-covered altar of Uskayaw.
   915 | D:2      | Noticed a hand axe
   917 | D:2      | Noticed a dagger
   919 | D:2      | Gained mutation: Your flesh is heat resistant. (rF+) [demonic ancestry]
   919 | D:2      | Reached XP level 3. HP: 26/27 MP: 3/3
  1089 | D:2      | Noticed Sigmund
  1114 | D:2      | Slain by Sigmund

Skill      XL: |  1  2  3 |
---------------+----------+-----
Throwing       | 2 |  2.1
Long Blades    | 3 |  3.4
Dodging        | 3 |  3.0
Fighting       | |  2.3
Armour         | |  0.3

Action                   || total
-------------------------++-------
Melee: Long sword        ||   100
  Use: Potion            ||     2
Armor: Leather armour    ||    28
       Ring mail         ||    22
Dodge: Dodged            ||    90
       Rpst.: Long sword ||    22
